 Dungeon Crawl Stone Soup version 0.19.0-2-gae57169 (webtiles) character file.

634845 Ladykiller69 the Executioner (level 27, -5/224 HPs)
             Began as a Formicid Fighter on Nov 4, 2016.
             Was the Champion of Cheibriados.
             Killed from afar by an orb of fire (42 damage)
             ... with a fireball
             ... on level 5 of the Realm of Zot on Nov 5, 2016.
             The game lasted 05:38:20 (50660 turns).

Ladykiller69 the Executioner (Formicid Fighter)    Turns: 50660, Time: 05:38:21

Health: -5/224     AC: 39    Str: 39    XL:     27
Magic:  5/35       EV: 24    Int: 38    God:    Cheibriados [******]
Gold:   6129       SH: 28    Dex: 31    Spells: 7 memorised, 9 levels left

rFire  + . .     SeeInvis +     h - +9 executioner's axe (pain)
rCold  + + .     Gourm    .     k - +12 gold dragon scales
rNeg   + + +     Faith    .     c - +2 large shield {rN+}
rPois  +         Spirit   .     (helmet unavailable)
rElec  .         Reflect  .     n - +0 cloak "Lakud" {*Contam +Fly rN+ Dex+4}
rCorr  .         Harm     .     r - +3 pair of gauntlets of War {Slay+5}
MR     +++..                    L - +2 pair of boots of Orchal {Regen+}
Stlth  ..........               S - amulet of the Bruised Planets {+Rage rN+ MR+ Str+5}
                                q - ring of wizardry
                                P - ring "Egaimoupni" {rC+ rN+ Str-3 Int+5 Dex+2}

@: very slow
A: permanent stasis, dig shafts and tunnels, four strong arms, antennae 3,
deformed body, weak 1, subdued magic 1
a: Dig, Shaft Self, Bend Time, Temporal Distortion, Slouch, Step From Time,
Renounce Religion, Evoke Flight
}: 3/15 runes: decaying, silver, gossamer


You were on level 5 of the Realm of Zot.
You worshipped Cheibriados.
Cheibriados was exalted by your worship.
You were very hungry.

You visited 10 branches of the dungeon, and saw 50 of its levels.
You visited the Abyss 1 time.

You collected 7587 gold pieces.
You spent 1458 gold pieces at shops.

Inventory:

Hand Weapons
 h - a +9 executioner's axe of pain (weapon)
Missiles
 v - 3 throwing nets (quivered)
Armour
 b - the +4 cloak "Fumuug" {rC++ Str-4 Int+4}
   (You bought it in a shop on level 3 of the Vaults)

   It affects your strength (-4).
   It affects your intelligence (+4).
   It greatly protects you from cold.
 c - a +2 large shield of positive energy (worn)
 k - +12 gold dragon scales (worn)
 n - the +0 cloak "Lakud" (worn) {*Contam +Fly rN+ Dex+4}
   (You bought it in a shop on level 2 of the Orcish Mines)

   It affects your dexterity (+4).
   It protects you from negative energy.
   It lets you fly.
   It causes magical contamination when unequipped.
 r - the +3 pair of gauntlets of War (worn) {Slay+5}
   (You acquired it on level 1 of the Depths)

   It affects your accuracy and damage with ranged weapons and melee attacks
   (+5).
 w - the +5 scale mail "Xeblih" {rN++ Str-2 Dex+4 Stlth+}
   (You found it on level 12 of the Dungeon)

   It affects your strength (-2).
   It affects your dexterity (+4).
   It greatly protects you from negative energy.
   It makes you more stealthy.
 L - the +2 pair of boots of Orchal (worn) {Regen+}
   (You bought it in a shop on level 2 of the Orcish Mines)

   It increases your rate of regeneration.
Jewellery
 q - a ring of wizardry (right hand)
 D - the amulet "Fury" {RegenMP rElec rC+ Int+3 Dex+2}
   (You acquired it on level 3 of the Depths)

   [amulet of magic regeneration]

   It increases your magic regeneration.
   It affects your intelligence (+3).
   It affects your dexterity (+2).
   It protects you from cold.
   It insulates you from electricity.
 G - a +6 ring of evasion
 P - the ring "Egaimoupni" (left hand) {rC+ rN+ Str-3 Int+5 Dex+2}
   (You took it off a tengu reaver on level 5 of the Vaults)

   [ring of intelligence]

   It affects your strength (-3).
   It affects your intelligence (+5).
   It affects your dexterity (+2).
   It protects you from cold.
   It protects you from negative energy.
 S - the amulet of the Bruised Planets (around neck) {+Rage rN+ MR+ Str+5}
   (You found it on level 2 of the Depths)

   [amulet of rage]

   It affects your strength (+5).
   It protects you from negative energy.
   It affects your resistance to hostile enchantments.
   It lets you go berserk.
 Y - an uncursed ring of protection from fire
Wands
 y - a wand of heal wounds (5/9)
 W - a wand of digging (9/24)
Scrolls
 a - 4 scrolls of summoning
 g - 11 scrolls of remove curse
 m - a scroll of holy word
 x - 26 scrolls of identify
 z - 5 scrolls of fog
 B - 9 scrolls of recharging
 C - 10 scrolls of amnesia
 F - 9 scrolls of magic mapping
 I - 3 scrolls of silence
 Q - 4 scrolls of vulnerability
 T - 5 scrolls of fear
Potions
 e - a potion of invisibility
 i - 16 potions of curing
 j - 9 potions of lignification
 l - 9 potions of brilliance
 o - 6 potions of heal wounds
 p - 3 potions of resistance
 u - 11 potions of flight
 J - 2 potions of might
 K - 4 potions of magic
 U - 8 potions of cure mutation
 X - 2 potions of agility
 Z - 2 potions of ambrosia
Books
 s - a book of the Earth

   Spells                             Type                      Level
   a - Leda's Liquefaction            Hexes/Earth                  4
   b - Bolt of Magma                  Conjuration/Fire/Earth       5
   c - Statue Form                    Transmutation/Earth          6
   d - Iron Shot                      Conjuration/Earth            6
   e - Shatter                        Earth                        9
 t - a book of Summonings

   Spells                             Type                      Level
   a - Recall                         Summoning/Translocation      3
   b - Aura of Abjuration             Summoning                    5
   c - Summon Demon                   Summoning                    5
   d - Summon Forest                  Summoning/Translocation      5
   e - Summon Mana Viper              Hexes/Summoning              5
   f - Shadow Creatures               Summoning                    6
 E - a book of Party Tricks

   Spells                             Type                      Level
   a - Summon Butterflies             Summoning                    1
   b - Apportation                    Translocation                1
   c - Lesser Beckoning               Translocation                3
   d - Tukima's Dance                 Hexes                        3
   e - Alistair's Intoxication        Transmutation/Poison         5
   f - Invisibility                   Hexes                        6
 H - a book of the Dragon

   Spells                             Type                      Level
   a - Flame Tongue                   Conjuration/Fire             1
   b - Cause Fear                     Hexes                        4
   c - Bolt of Fire                   Conjuration/Fire             6
   d - Dragon Form                    Transmutation                7
   e - Dragon's Call                  Summoning                    9
 M - a book of Unlife

   Spells                             Type                      Level
   a - Recall                         Summoning/Translocation      3
   b - Animate Dead                   Necromancy                   4
   c - Control Undead                 Necromancy                   4
   d - Cigotuvi's Embrace             Necromancy                   5
   e - Death Channel                  Necromancy                   6
   f - Simulacrum                     Ice/Necromancy               6
 O - a book of Transfigurations

   Spells                             Type                      Level
   a - Irradiate                      Conjuration/Transmutation    5
   b - Statue Form                    Transmutation/Earth          6
   c - Hydra Form                     Transmutation                6
   d - Dragon Form                    Transmutation                7
 R - the Compendium of the Neverending Blessings
   (You found it on level 3 of the Elven Halls)

   Spells                             Type                      Level
   a - Shock                          Conjuration/Air              1
   b - Sting                          Conjuration/Poison           1
   c - Flame Tongue                   Conjuration/Fire             1
   d - Sticky Flame                   Conjuration/Fire             4
   e - Freezing Cloud                 Conjuration/Ice/Air          6
Miscellaneous
 A - a phial of floods
 N - a phantom mirror
 V - a phial of floods
Comestibles
 d - 31 meat rations
 f - 23 bread rations


   Skills:
 + Level 19.9 Fighting
 * Level 25.5 Axes
 + Level 19.8 Armour
 + Level 17.0 Dodging
 - Level 17.3 Shields
 - Level 5.0 Spellcasting
 - Level 4.0 Conjurations
 - Level 12.3 Charms
 * Level 17.3 Earth Magic
 - Level 16.0 Invocations


You had 9 spell levels left.
You knew the following spells:

 Your Spells              Type           Power        Failure   Level  Hunger
a - Apportation           Tloc           #.........   9%          1    None
b - Shroud of Golubria    Chrm/Tloc      #####.....   1%          2    None
c - Regeneration          Chrm/Necr      #####.....   2%          3    None
d - Spectral Weapon       Hex/Chrm       #####...     2%          3    None
e - Stone Arrow           Conj/Erth      ######       1%          3    None
f - Iron Shot             Conj/Erth      ######....   19%         6    ######.
g - Shatter               Erth           #######...   100%        9    #######


Dungeon Overview and Level Annotations

Branches:
Dungeon (15/15)            Temple (1/1) D:4            Lair (6/6) D:9
  Swamp (4/4) Lair:2       Spider (4/4) Lair:4        Slime (0/5) Lair:6
    Orc (2/2) D:10            Elf (3/3) Orc:2        Vaults (5/5) D:13
  Crypt (0/3) Vaults:3     Depths (5/5) D:15            Zot (5/5) Depths:5

Altars:
Ashenzari
Cheibriados
Dithmenos
Elyvilon
Fedhas
Gozag
Hepliaklqana
Kikubaaqudgha
Makhleb
Nemelex Xobeh
Okawaru
Qazlal
Ru
Sif Muna
Trog
Uskayaw
Vehumet
Xom
Yredelemnul
Zin
The Shining One
Beogh
Jiyva

Shops:
D:4 %   D:6 *   D:13 (   D:14 !?   Orc:1 [   Orc:2 =(?*[   Vaults:2 *
Vaults:3 *(!*   Zot:3 *   Depths:1 (::*   Depths:3 (

Portals:
Hell: Depths:1 Depths:2 Depths:3 Depths:4 Depths:5
Abyss: Depths:4 Depths:5
Pandemonium: Depths:1 Depths:3
Ziggurat: Depths:1

Annotations:
D:3 dudes to farm
Lair:1 exclusion: oklob plant
Depths:2 exclusion: obsidian statue


Innate Abilities, Weirdness & Mutations

You are under a permanent stasis effect.
You can dig through walls and to a lower floor.
Your four strong arms can wield two-handed weapons with a shield.
You have a pair of large antennae on your head. (SInv)
Armour fits poorly on your strangely shaped body.
You are weak. (Str -2)
Your spells are a little easier to cast, but a little less powerful.


Message History

The orb of fire glows bright magenta.
The bolt of fire hits you! You resist.
* * * LOW HITPOINT WARNING * * *
The bolt of fire hits the orb of fire.
The orb of fire completely resists.
Okay, then.
You step out of the flow of time.
You hear a deafening roar! x4; You hear a distant "Zot"! x14
You return to the normal time flow.
You feel quite a bit more hungry.
The Killer Klown shouts! x2
The orb of fire glows red.
The fireball explodes!
The fireball engulfs you! You resist.
* * * LOW HITPOINT WARNING * * *
The Killer Klown blinks!
You hear a deafening roar!
You feel much better.
The Killer Klown blinks!
The Killer Klown smiles at you.
The Killer Klown blinks!
The orb of fire glows bright magenta.
The fireball explodes!
The fireball engulfs you! You resist.
You die...

........# ........#
##........(.§ .......##
#...p........ .......#
#.........*.. .......##
#............ ......^.#
#............ .....)..##
#...^...§....
...^....^###.......p....
#######...###..§@.......
##....##..........
###..*...........
#▓▓▓▓▓▓▓##▓▓##. {


{{{{ You could see 2 orbs of fire and 2 Killer Klowns.

Vanquished Creatures
  3 ancient liches
  Mennas (Vaults:4)
  An orb of fire (Zot:2)
  2 juggernauts
  A caustic shrike (Depths:4)
  Margery (Depths:1)
  Xtahua (Depths:5)
  3 Killer Klowns (Zot:3)
  A golden dragon (shapeshifter) (Vaults:4)
  the Enchantress (Depths:1)
  Jory (Depths:3)
  8 golden dragons
  Arachne (Spider:4)
  20 tentacled monstrosities
  2 electric golems
  6 liches
  Jorgrun (Spider:4)
  Asterion (Spider:2)
  Rupert (Lair:5)
  2 deep elf blademasters (Elf:3)
  8 titans
  10 Orb Guardians (Zot:5)
  2 deep elf master archers (Elf:3)
  6 quicksilver dragons
  7 sphinxes
  3 tentacled starspawn (Abyss:5)
  10 shadow dragons
  A thorn hunter (Swamp:4)
  5 death cobs
  Donald (Vaults:4)
  14 storm dragons
  Gastronok (Lair:3)
  11 fire giants
  9 tengu reavers
  7 draconian monks
  Roxanne (Elf:3)
  14 frost giants
  2 orc warlords (Orc:1)
  6 draconian knights
  A daeva (Abyss:5)
  4 deep elf sorcerers
  5 ghost moths (Spider:4)
  2 iron dragons
  23 vault wardens
  6 draconian scorchers
  Aizul (Spider:4)
  4 deep elf elementalists
  3 draconian zealots (Zot:2)
  Louise (Depths:4)
  5 emperor scorpions
  5 draconian shifters
  3 draconian annihilators
  A draconian caller (Zot:4)
  4 spriggan defenders
  The ghost of dobroeutro the Bludgeoner, a journeyman GrFi of Okawaru (Orc:2)
  16 stone giants
  16 ironheart preservers
  29 very ugly things
  2 war gargoyles
  4 entropy weavers
  Nessos (D:12)
  A vampire knight (Depths:5)
  6 deep elf demonologists
  9 green draconians
  A dire elephant (shapeshifter) (Depths:2)
  12 black draconians
  11 white draconians
  A dire elephant (Lair:6)
  10 mottled draconians
  12 purple draconians
  A lorocyproca (Depths:3)
  7 deep elf annihilators
  6 spark wasps
  8 red draconians
  7 yellow draconians
  An ettin (shapeshifter) (Depths:2)
  11 ettins
  12 crystal guardians
  4 jiangshi
  4 deep elf death magi
  A blizzard demon (Depths:2)
  A merfolk impaler (Depths:1)
  12 fire dragons
  20 yaktaur captains
  The ghost of kolakolka the Thaumaturge, a journeyman GrEE of Cheibriados (D:12)
  7 great orbs of eyes
  3 ghost crabs
  4 deep elf high priests
  19 hydras
  7 ice dragons
  2 rakshasas
  A ghost crab (shapeshifter) (Depths:2)
  A catoblepas (Lair:6)
  A hydra (shapeshifter) (D:14)
  42 vault guards
  A catoblepas (shapeshifter) (Vaults:4)
  3 spriggan air magi
  A centaur warrior (Vaults:4)
  8 alligators
  47 dancing weapons
  16 ogre magi
  The ghost of Ladykiller69 the Carver, a novice MiGl of Okawaru (D:9)
  A death knight (Vaults:5)
  7 deep troll earth magi
  10 death yaks (Lair:6)
  6 tengu warriors
  9 deep troll shamans
  8 spriggan berserkers
  A hell hog (Abyss:5)
  A vampire mage (Depths:1)
  2 thrashing horrors (Abyss:5)
  4 orc high priests
  A storm dragon zombie (Vaults:4)
  Nergalle (D:12)
  9 shadow wraiths
  A fire crab (shapeshifter) (Vaults:4)
  26 deep elf knights
  A sea snake (shapeshifter) (Depths:2)
  2 wretched stars
  2 iron trolls (Depths:5)
  8 hell knights (Depths:1)
  A spatial maelstrom (Abyss:5)
  A sixfirhy (Depths:3)
  6 wizards
  An unseen horror (Vaults:1)
  4 skeletal warriors
  5 flayed ghosts
  An infernal demonspawn (Depths:3)
  A shadow dragon zombie (Vaults:5)
  20 deep trolls
  A tengu zombie (Vaults:5)
  A deep troll (shapeshifter) (Vaults:5)
  3 shambling mangroves
  9 swamp dragons
  3 glowing orange brains (Depths:2)
  A torturous demonspawn (Depths:3)
  An entropy weaver zombie (Vaults:2)
  20 ironbrand convokers
  20 deep elf archers
  2 glowing orange brains (shapeshifter)
  3 obsidian statues (Depths:2)
  6 phantasmal warriors
  Pikel (D:5)
  7 hill giants
  A lindwurm (shapeshifter) (Depths:3)
  8 necromancers
  31 orc knights
  18 harpies
  A mana viper (shapeshifter) (Depths:2)
  A wolf spider zombie (D:15)
  31 ugly things
  An oklob plant (Lair:4)
  49 wolf spiders
  A salamander (Depths:4)
  6 orc sorcerers
  2 orb spiders (shapeshifter)
  A fire giant zombie (Vaults:5)
  18 orb spiders
  4 cyclopes
  63 deep elf magi
  26 moths of wrath
  6 manticores
  4 elephants (Lair:6)
  Maurice (D:12)
  A black mamba (shapeshifter) (Depths:4)
  A frost giant skeleton (Vaults:2)
  3 molten gargoyles (Depths:2)
  2 elephants (shapeshifter)
  18 vault sentinels
  3 black mambas
  An ice statue (D:14)
  17 spiny frogs
  3 centaur skeletons
  A torpor snail (Spider:4)
  An apocalypse crab (Abyss:4)
  2 smoke demons (Abyss:5)
  A storm dragon simulacrum (Vaults:3)
  2 gargoyles
  76 yaktaurs
  4 rime drakes
  A rime drake (shapeshifter) (Depths:2)
  15 demonic crawlers
  10 freezing wraiths
  5 komodo dragons
  An efreet (D:13)
  A yaktaur (shapeshifter) (Vaults:5)
  2 kobold demonologists
  2 yaktaur skeletons
  4 tengu conjurers
  A polar bear (Lair:3)
  31 jumping spiders
  10 trolls
  3 ancient zymes (Abyss:5)
  19 hornets
  2 trolls (shapeshifter)
  27 two-headed ogres
  A merfolk (shapeshifter) (Depths:2)
  A sphinx simulacrum (Vaults:1)
  7 tyrant leeches
  12 bog bodies
  A two-headed ogre (shapeshifter) (Vaults:1)
  13 blink frogs
  6 dream sheep (Lair:6)
  35 slime creatures
  Grinder (D:4)
  7 hippogriffs
  8 raiju
  A snapping turtle (shapeshifter) (Depths:2)
  A blink frog (shapeshifter) (Vaults:3)
  A meliai zombie (D:11)
  A frost giant simulacrum (Abyss:5)
  3 flying skulls (Abyss:5)
  69 redbacks
  3 ynoxinuls
  A tarantella (shapeshifter) (Depths:5)
  4 starcursed masses (Abyss:5)
  16 water elementals
  4 wyverns
  10 spriggans
  3 wraiths
  25 tarantellas
  13 air elementals
  10 fire elementals
  A fire bat (shapeshifter) (Depths:2)
  37 yaks
  2 spriggans (shapeshifter)
  A basilisk (shapeshifter) (Vaults:4)
  A hog (shapeshifter) (Abyss:4)
  25 vampire mosquitoes
  2 basilisks
  A golden eye (shapeshifter) (Vaults:5)
  Eustachio (D:4)
  2 hungry ghosts
  2 neqoxecs (Abyss:5)
  6 mottled dragons
  A chaos spawn (Abyss:5)
  2 large abominations (Abyss:5)
  A mottled dragon (shapeshifter) (Vaults:5)
  22 insubstantial wisps
  2 soldier ants
  A warg (shapeshifter) (Vaults:5)
  Edmund (D:6)
  A soldier ant (shapeshifter) (Depths:3)
  20 swamp worms
  11 water moccasins
  A spatial vortex (Abyss:5)
  10 wargs
  A deep troll skeleton (Vaults:4)
  A floating eye (shapeshifter) (Depths:5)
  8 porcupines
  Duvessa (D:4)
  2 hell hounds (D:9)
  19 swamp drakes
  4 sky beasts
  A meliai simulacrum (D:14)
  66 orc warriors
  An eye of draining (shapeshifter) (Vaults:1)
  A slave (D:3)
  3 ice beasts
  9 boggarts
  3 phantoms
  63 ogres
  6 black bears
  An eye of draining (D:13)
  2 human zombies
  16 centaurs
  14 wolves
  A centaur (shapeshifter) (Depths:2)
  10 crocodiles
  5 big kobolds
  10 earth elementals
  12 bullfrogs
  A gnoll sergeant (D:6)
  4 human skeletons
  2 small abominations (Abyss:5)
  4 scorpions
  Dowan (D:4)
  4 killer bees (D:11)
  A killer bee (shapeshifter) (Vaults:5)
  An orc simulacrum (Vaults:2)
  11 wights
  2 howler monkeys (D:9)
  4 electric eels
  10 crimson imps
  3 centaur zombies
  2 quasits
  2 jellies
  10 hounds
  22 orc priests
  29 orc wizards
  4 iguanas
  Natasha (D:2)
  5 hell rats (Lair:2)
  11 worker ants
  3 killer bee zombies
  A hound zombie (D:9)
  A worker ant zombie (D:7)
  Robin (D:2)
  3 gnolls (D:6)
  21 adders
  3 shadow imps
  5 white imps (Depths:3)
  3 oozes
  An adder skeleton (D:4)
  5 worms
  2 leopard geckos
  116 orcs
  2 ball pythons
  4 giant cockroaches
  20 goblins
  13 hobgoblins
  7 jackals
  8 quokkas
  6 bats
  7 frilled lizards
  26 kobolds
  A leopard gecko skeleton (D:4)
  16 rats
  2 crawling corpses (Elf:2)
  4 fungi
  5 plants
  4 starspawn tentacles (Abyss:5)
2492 creatures vanquished.

Vanquished Creatures (others)
  A draconian scorcher (Zot:1)
  A very ugly thing (Depths:2)
  A hydra (Swamp:4)
  A satyr (shapeshifter) (Depths:2)
  A swamp dragon (Swamp:2)
  A spriggan druid (Swamp:4)
  A harpy (Vaults:5)
  A tengu zombie (Vaults:5)
  A deep elf mage (Elf:1)
  A vault sentinel (Vaults:5)
  The ghost of Ladykiller69 the Conjurer, a novice DECj of Hepliaklqana (D:5)
  A blink frog (shapeshifter) (Vaults:5)
  2 hornets (Swamp:2)
  2 swamp drakes
  2 boggarts (Depths:3)
  2 orc wizards
  An ooze (D:5)
  12 ball lightnings (Depths:2)
  2 orcs (D:5)
  A frilled lizard (D:5)
  2 briar patches (Swamp:4)
  17 fungi
  19 plants
  23 spectral weapons
  6 starspawn tentacles (Abyss:5)
103 creatures vanquished.

Grand Total: 2595 creatures vanquished

Notes
Turn   | Place    | Note
-------+----------+-------------------------------------------
     0 | D:1      | Ladykiller69 the Formicid Fighter began the quest for the Orb.
     0 | D:1      | Reached XP level 1. HP: 18/18 MP: 1/1
   281 | D:1      | Reached XP level 2. HP: 24/24 MP: 2/2
   649 | D:1      | Reached XP level 3. HP: 26/29 MP: 3/3
  1352 | D:2      | Reached XP level 4. HP: 31/37 MP: 4/4
  1354 | D:2      | Reached skill level 3 in Axes
  1417 | D:2      | Noticed Robin
  1434 | D:2      | Killed Robin
  1743 | D:2      | Reached XP level 5. HP: 38/42 MP: 5/5
  1871 | D:2      | Noticed Natasha
  1883 | D:2      | Killed Natasha
  2226 | D:3      | Reached skill level 4 in Axes
  2406 | D:3      | Reached XP level 6. HP: 36/48 MP: 6/6
  2552 | D:3      | Reached skill level 5 in Shields
  2824 | D:4      | Found Xasoh's Food Boutique.
  2839 | D:4      | Reached skill level 5 in Axes
  2904 | D:4      | Reached XP level 7. HP: 43/54 MP: 7/7
  3184 | D:4      | Noticed Grinder
  3303 | D:4      | Noticed Dowan
  3306 | D:4      | Noticed Eustachio
  3337 | D:4      | Killed Dowan
  3349 | D:4      | Noticed Duvessa
  3358 | D:4      | Reached skill level 6 in Axes
  3369 | D:4      | You fall through a shaft for 2 floors!
  3408 | D:5      | Entered Level 5 of the Dungeon
  3690 | D:5      | Noticed Pikel
  3811 | D:4      | Killed Duvessa
  3811 | D:4      | Reached XP level 8. HP: 39/60 MP: 8/8
  3877 | D:4      | Found a staircase to the Ecumenical Temple.
  3890 | D:4      | You fall through a shaft for 3 floors!
  4106 | D:7      | Reached skill level 7 in Axes
  4543 | D:6      | Noticed Edmund
  4579 | D:5      | Killed Pikel
  4579 | D:5      | Reached skill level 9 in Axes
  4579 | D:5      | Reached XP level 9. HP: 65/65 MP: 9/9
  4820 | D:5      | Noticed Ladykiller69's ghost (novice DECj)
  5118 | Temple   | Entered the Ecumenical Temple
  5163 | Temple   | Became a worshipper of Cheibriados the Contemplative
  5222 | D:4      | Killed Grinder
  5389 | D:4      | Killed Eustachio
  5521 | D:5      | Killed Ladykiller69's ghost
  5959 | D:6      | Reached skill level 10 in Axes
  6056 | D:6      | Reached * piety under Cheibriados
  6108 | D:6      | Reached XP level 10. HP: 49/71 MP: 10/10
  6125 | D:6      | Found Ilangaar's General Store.
  6133 | D:6      | Bought a scroll of identify for 24 gold pieces
  6188 | D:6      | Found a sparkling altar of Nemelex Xobeh.
  6303 | D:6      | Killed Edmund
  6303 | D:6      | Reached skill level 1 in Dodging
  6303 | D:6      | Reached skill level 1 in Invocations
  6326 | D:6      | You fall through a shaft for 3 floors!
  6548 | D:8      | Noticed a deep elf mage
  6560 | D:8      | Killed a deep elf mage
  6879 | D:8      | Reached ** piety under Cheibriados
  6894 | D:8      | Got an opal-studded scale mail
  6905 | D:8      | Identified the +9 scale mail "Moetish" {Int+3} (You found it on level 8 of the Dungeon)
  6952 | D:8      | Reached skill level 11 in Axes
  6960 | D:8      | Reached skill level 5 in Armour
  7581 | D:9      | Reached skill level 5 in Fighting
  7644 | D:9      | Found a staircase to the Lair.
  7703 | D:9      | Reached *** piety under Cheibriados
  7884 | D:9      | Noticed Ladykiller69's ghost (novice MiGl)
  7905 | D:9      | Reached XP level 11. HP: 62/80 MP: 14/14
  7935 | D:9      | Killed Ladykiller69's ghost
  7965 | D:9      | Reached skill level 5 in Invocations
  8261 | D:10     | Entered Level 10 of the Dungeon
  8369 | D:10     | Reached **** piety under Cheibriados
  8382 | D:10     | Reached skill level 12 in Axes
  8538 | D:10     | Found a staircase to the Orcish Mines.
  8634 | D:10     | Noticed a deep elf mage
  8660 | D:10     | You fall through a shaft for 3 floors!
  8999 | D:13     | Noticed a tengu warrior
  9025 | D:13     | Killed a tengu warrior
  9284 | D:13     | Noticed a hill giant
  9291 | D:13     | Killed a hill giant
  9294 | D:13     | Reached ***** piety under Cheibriados
  9348 | D:12     | Reached XP level 12. HP: 63/89 MP: 16/16
  9481 | D:12     | Got an ichor-stained scale mail
  9493 | D:11     | Reached skill level 5 in Dodging
  9727 | D:11     | Reached skill level 13 in Axes
  9737 | D:11     | You fall through a shaft for 2 floors!
  9964 | D:13     | Noticed a tengu warrior
  9979 | D:13     | Killed a tengu warrior
 10048 | D:13     | Found Naxif's Antique Weapon Emporium.
 10826 | D:11     | Identified the +5 scale mail "Xeblih" {rN++ Str-2 Dex+4 Stlth+} (You found it on level 12 of the Dungeon)
 11258 | Lair:1   | Entered Level 1 of the Lair of Beasts
 11270 | Lair:1   | Reached XP level 13. HP: 98/98 MP: 19/19
 11863 | Lair:2   | Reached skill level 14 in Axes
 12071 | Lair:2   | Found a staircase to the Swamp.
 12988 | Lair:3   | Noticed Gastronok
 13006 | Lair:3   | Killed Gastronok
 13025 | Lair:3   | Noticed a six-headed hydra
 13034 | Lair:3   | Killed a one-headed hydra
 13380 | Lair:4   | Found a hole to the Spider Nest.
 13397 | Lair:4   | Reached ****** piety under Cheibriados
 13634 | Lair:4   | Reached XP level 14. HP: 92/108 MP: 21/21
 14554 | Lair:5   | Noticed Rupert
 14571 | Lair:5   | Killed Rupert
 14571 | Lair:5   | Reached skill level 10 in Armour
 14571 | Lair:5   | Reached skill level 10 in Invocations
 15260 | Lair:6   | Entered Level 6 of the Lair of Beasts
 15280 | Lair:6   | Reached skill level 15 in Axes
 15470 | Lair:6   | Noticed a dire elephant
 15484 | Lair:6   | Killed a dire elephant
 15494 | Lair:6   | Reached skill level 10 in Fighting
 15728 | Lair:6   | Found a staircase to the Slime Pits.
 15729 | Lair:6   | Found a viscous altar of Jiyva.
 15968 | Lair:6   | Reached XP level 15. HP: 80/115 MP: 23/23
 15972 | Lair:6   | Learned a level 1 spell: Apportation
 16582 | D:12     | Noticed Maurice
 16582 | D:12     | Noticed kolakolka's ghost (journeyman GrEE)
 16588 | D:12     | Killed Maurice
 16608 | D:12     | Killed kolakolka's ghost
 16712 | D:12     | Noticed Nergalle
 16716 | D:12     | Killed Nergalle
 16750 | D:12     | Noticed Nessos
 16765 | D:12     | Killed Nessos
 17091 | D:13     | Reached skill level 16 in Axes
 17155 | D:13     | Found a gate to the Vaults.
 17664 | D:14     | Found Isarite's Magic Scroll Boutique.
 17793 | D:14     | Bought a scroll of magic mapping for 59 gold pieces
 18109 | D:14     | Found Tootudiu's Distillery.
 18215 | D:15     | Entered Level 15 of the Dungeon
 18572 | D:15     | Found a staircase to the Depths.
 18640 | D:15     | Reached XP level 16. HP: 98/125 MP: 23/25
 19540 | Swamp:1  | Entered Level 1 of the Swamp
 19831 | Swamp:1  | Noticed a tentacled monstrosity
 19845 | Swamp:1  | Killed a tentacled monstrosity
 20915 | Swamp:2  | Reached skill level 17 in Axes
 21429 | Swamp:2  | HP: 4/127 [swamp worm (11)]
 22281 | Swamp:3  | Reached skill level 10 in Dodging
 22615 | Swamp:4  | Entered Level 4 of the Swamp
 22615 | Swamp:4  | Noticed a thorn hunter
 22624 | Swamp:4  | Reached XP level 17. HP: 87/133 MP: 26/26
 22632 | Swamp:4  | Killed a thorn hunter
 22662 | Swamp:4  | Identified a scroll of acquirement
 23307 | Spider:1 | Entered Level 1 of the Spider Nest
 24002 | Orc:1    | Entered Level 1 of the Orcish Mines
 24196 | Orc:1    | Found a roughly hewn altar of Beogh.
 24372 | Orc:1    | Found Qezi's Armour Emporium.
 24381 | Orc:1    | Bought a +0 cloak of poison resistance for 119 gold pieces
 24451 | Orc:2    | Entered Level 2 of the Orcish Mines
 24462 | Orc:2    | Noticed dobroeutro's ghost (journeyman GrFi)
 24508 | Orc:2    | Found Jikhits's Antique Armour Boutique.
 24754 | Orc:2    | Reached skill level 18 in Axes
 24870 | Orc:2    | Found Elinix's General Store.
 24885 | Orc:2    | Bought a scroll of summoning for 133 gold pieces
 24889 | Orc:2    | Found a bloodstained altar of Trog.
 24889 | Orc:2    | Found Fabu's Magic Scroll Emporium.
 24933 | Orc:2    | Bought a scroll of identify for 26 gold pieces
 24933 | Orc:2    | Bought a scroll of identify for 26 gold pieces
 24933 | Orc:2    | Bought a scroll of identify for 26 gold pieces
 25044 | Orc:2    | Bought a pair of shimmering boots for 237 gold pieces
 25044 | Orc:2    | Bought a crude cloak for 237 gold pieces
 25091 | Orc:2    | Killed dobroeutro's ghost
 25092 | Orc:2    | Identified the cursed +0 cloak "Lakud" {*Contam +Fly rN+ Dex+4} (You bought it in a shop on level 2 of the Orcish Mines)
 25105 | Orc:2    | Identified the +2 pair of boots of Orchal {Regen+} (You bought it in a shop on level 2 of the Orcish Mines)
 25108 | Orc:2    | Found a staircase to the Elven Halls.
 25178 | Orc:2    | Found Jahomn's Jewellery Emporium.
 25201 | Orc:2    | Bought a cursed amulet of inaccuracy for 32 gold pieces
 25204 | Orc:2    | Found Veninke's Antique Weapon Boutique.
 25229 | Orc:1    | Found a burning altar of Makhleb.
 25548 | Elf:1    | Entered Level 1 of the Elven Halls
 25988 | Spider:1 | Identified the +2 ring mail "Cofi" {Regen+} (You found it on level 1 of the Spider Nest)
 26365 | Spider:2 | Noticed Asterion
 26378 | Spider:2 | Killed Asterion
 26378 | Spider:2 | Reached XP level 18. HP: 143/143 MP: 25/28
 26718 | Spider:3 | Got a crude ring mail
 26729 | Spider:3 | Identified the +3 ring mail "Qinnivurph" {rElec rPois rF+ Stlth-} (You found it on level 3 of the Spider Nest)
 27038 | Spider:3 | Learned a level 2 spell: Shroud of Golubria
 27042 | Spider:3 | Learned a level 3 spell: Regeneration
 27046 | Spider:3 | Learned a level 3 spell: Spectral Weapon
 27275 | Spider:4 | Entered Level 4 of the Spider Nest
 27282 | Spider:4 | Noticed Aizul
 27303 | Spider:4 | Killed Aizul
 27303 | Spider:4 | Reached skill level 1 in Charms
 27463 | Spider:4 | Noticed Jorgrun
 27475 | Spider:4 | Killed Jorgrun
 27511 | Spider:4 | Noticed Arachne
 27583 | Spider:4 | Killed Arachne
 27874 | Spider:4 | Reached XP level 19. HP: 141/151 MP: 29/29
 27949 | Spider:4 | Reached skill level 19 in Axes
 27987 | Spider:4 | Got a gossamer rune of Zot
 28064 | Spider:4 | Reached skill level 5 in Charms
 29361 | Elf:1    | Noticed an Ice Fiend
 29775 | Elf:2    | Found a huge runed gate.
 29775 | Elf:2    | Found a huge runed gate.
 29784 | Elf:2    | Found a huge runed gate.
 30316 | Elf:2    | Reached XP level 20. HP: 113/160 MP: 31/31
 30681 | Elf:3    | Entered Level 3 of the Elven Halls
 30767 | Elf:3    | Noticed Roxanne
 30793 | Elf:3    | Killed Roxanne
 30794 | Elf:3    | Identified Roxanne's Papyrus of Shape Shifting (You took it off Roxanne on level 3 of the Elven Halls)
 31795 | Elf:2    | Reached skill level 10 in Shields
 32378 | Swamp:4  | Reached skill level 15 in Invocations
 32528 | Swamp:4  | Got a decaying rune of Zot
 33206 | Vaults:1 | Entered Level 1 of the Vaults
 33652 | Vaults:1 | Reached XP level 21. HP: 164/167 MP: 32/32
 34221 | Vaults:1 | Reached skill level 15 in Fighting
 34306 | Vaults:1 | Reached skill level 20 in Axes
 34545 | Vaults:2 | Found Qorelira's General Store.
 34692 | Vaults:2 | Reached skill level 15 in Armour
 34885 | Vaults:2 | Reached skill level 10 in Charms
 35487 | Vaults:2 | Reached XP level 22. HP: 175/175 MP: 33/33
 35985 | Vaults:4 | Noticed Donald
 35991 | Vaults:4 | Killed Donald
 36119 | Vaults:3 | Found Fohech's Assorted Antiques.
 36128 | Vaults:3 | Bought a pitted cloak for 285 gold pieces
 36138 | Vaults:3 | Identified the +4 cloak "Fumuug" {rC++ Str-4 Int+4} (You bought it in a shop on level 3 of the Vaults)
 36590 | Vaults:3 | Found Tunaegg's Distillery.
 36689 | Vaults:3 | Found Dedaat's Weapon Shoppe.
 36775 | Vaults:3 | Found Woosomp's Assorted Antiques.
 37028 | Vaults:3 | Found a staircase to the Crypt.
 37072 | Vaults:3 | Reached XP level 23. HP: 160/183 MP: 35/35
 37541 | Vaults:4 | Noticed a golden dragon
 37549 | Vaults:4 | Killed a golden dragon
 37585 | Vaults:4 | Reached skill level 21 in Axes
 37667 | Vaults:4 | Noticed Mennas
 37711 | Vaults:4 | HP: 9/183 [Mennas/sacred scourge of holy wrath (5)]
 37722 | Vaults:4 | Killed Mennas
 37978 | Vaults:4 | Found a shimmering altar of Xom.
 38204 | Vaults:5 | Entered Level 5 of the Vaults
 38445 | Vaults:5 | Noticed an ancient lich
 38596 | Vaults:4 | Reached skill level 15 in Shields
 38637 | Vaults:5 | Reached XP level 24. HP: 180/191 MP: 35/35
 39008 | Vaults:4 | Killed an ancient lich
 39383 | Vaults:5 | Got a coiled jade ring
 39387 | Vaults:4 | Identified the ring "Egaimoupni" {rC+ rN+ Str-3 Int+5 Dex+2} (You took it off a tengu reaver on level 5 of the Vaults)
 39548 | Vaults:5 | Noticed a golden dragon
 39560 | Vaults:5 | Killed a golden dragon
 39903 | Vaults:5 | Reached skill level 22 in Axes
 39958 | Vaults:5 | Reached XP level 25. HP: 149/199 MP: 35/35
 40015 | Vaults:5 | Noticed an ancient lich
 40027 | Vaults:5 | Killed an ancient lich
 40058 | Vaults:5 | Got a scintillating sapphire amulet
 40059 | Vaults:5 | Identified the amulet of Buosch {Faith *Slow rPois rN+ Int+9} (You found it on level 5 of the Vaults)
 40068 | Vaults:5 | Got a silver rune of Zot
 41167 | Vaults:5 | Learned a level 3 spell: Stone Arrow
 41383 | Vaults:5 | Reached skill level 1 in Earth Magic
 41797 | Orc:2    | Reached skill level 1 in Conjurations
 41947 | Elf:3    | Reached skill level 1 in Spellcasting
 42013 | Elf:3    | HP: 9/200 [deep elf annihilator/iron shot (29)]
 42607 | Elf:3    | Identified the Compendium of the Neverending Blessings
 42614 | Elf:3    | Got a smoking golden amulet
 42629 | Elf:3    | Identified the amulet "Rahuam" {Spirit +Inv rPois rC++ Str+4} (You found it on level 3 of the Elven Halls)
 43010 | Depths:1 | Entered Level 1 of the Depths
 43021 | Depths:1 | Found Plog's Weapon Shop.
 43022 | Depths:1 | Found Peabb's Book Boutique.
 43022 | Depths:1 | Found Plog's Book Shop.
 43025 | Depths:1 | Found Eroutt's General Store.
 43060 | Depths:1 | Noticed a juggernaut
 43070 | Depths:1 | Killed a juggernaut
 43070 | Depths:1 | Reached XP level 26. HP: 162/208 MP: 35/35
 43073 | Depths:1 | Noticed the Enchantress
 43094 | Depths:1 | Killed the Enchantress
 43094 | Depths:1 | Reached skill level 5 in Earth Magic
 43217 | Depths:1 | Identified the ring of Romaykak {Ice Str-4 Int+7 SInv} (You acquired it on level 1 of the Depths)
 43235 | Depths:1 | Found a one-way gate leading to the halls of Pandemonium.
 43524 | Depths:1 | Found a shattered altar of Ashenzari.
 43676 | D:14     | Bought a scroll of enchant armour for 127 gold pieces
 43676 | D:14     | Bought a scroll of enchant armour for 127 gold pieces
 43786 | Depths:1 | Found a gateway to a ziggurat.
 43800 | Depths:1 | Noticed Margery
 43800 | Depths:1 | Found a gateway to Hell.
 43820 | Depths:1 | Killed Margery
 44124 | Depths:2 | Reached skill level 15 in Dodging
 44227 | Depths:2 | Cast into level 4 of the Abyss (glaive of distortion)
 44230 | Abyss:4  | Found a corrupted altar of Lugonu.
 44296 | Abyss:5  | Entered Level 5 of the Abyss
 44427 | Abyss:5  | Found a runed door.
 44480 | Depths:2 | Escaped the Abyss
 44491 | Depths:2 | Reached skill level 5 in Spellcasting
 44506 | Depths:2 | Reached skill level 23 in Axes
 44743 | Depths:2 | Reached XP level 27. HP: 211/217 MP: 35/35
 44773 | Depths:2 | Got a coiled ivory amulet
 44774 | Depths:2 | Identified the amulet of the Bruised Planets {+Rage rN+ MR+ Str+5} (You found it on level 2 of the Depths)
 45296 | Depths:3 | Found Den Poff's Antique Weapon Boutique.
 45315 | Depths:3 | Noticed Jory
 45325 | Depths:3 | Killed Jory
 45633 | Depths:3 | Reached skill level 10 in Earth Magic
 45737 | Depths:3 | Got a scorched ruby amulet
 45738 | Depths:3 | Identified the amulet "Fury" {RegenMP rElec rC+ Int+3 Dex+2} (You acquired it on level 3 of the Depths)
 46298 | Depths:4 | Found a one-way gate to the infinite horrors of the Abyss.
 46298 | Depths:4 | Noticed Louise
 46304 | Depths:4 | Killed Louise
 46513 | Depths:5 | Entered Level 5 of the Depths
 46802 | Depths:5 | Noticed Xtahua
 46812 | Depths:5 | Killed Xtahua
 46821 | Depths:5 | Noticed a juggernaut
 46834 | Depths:5 | Killed a juggernaut
 46873 | Depths:5 | Found a gate to the Realm of Zot.
 46886 | Depths:5 | Reached skill level 24 in Axes
 46895 | Depths:5 | Learned a level 6 spell: Iron Shot
 47245 | Zot:1    | Entered Level 1 of the Realm of Zot
 47819 | Zot:2    | Learned a level 9 spell: Shatter
 47926 | Zot:2    | Noticed an orb of fire
 47934 | Zot:2    | Killed an orb of fire
 48517 | Zot:2    | Reached skill level 15 in Earth Magic
 49085 | Zot:3    | Reached skill level 25 in Axes
 49171 | Zot:3    | Found Jatseosh's Changing Room.
 49540 | Zot:4    | Identified the +14 plate armour of Gluttony {rElec} (You found it on level 4 of the Realm of Zot)
 50130 | Zot:5    | Entered Level 5 of the Realm of Zot
 50583 | Zot:5    | Noticed an ancient lich
 50588 | Zot:5    | Killed an ancient lich
 50639 | Zot:5    | Noticed an orb of fire
 50639 | Zot:5    | Noticed an ancient lich
 50646 | Zot:5    | Noticed an orb of fire
 50647 | Zot:5    | Noticed an orb of fire
 50648 | Zot:5    | Noticed an orb of fire
 50648 | Zot:5    | Gained mutation: Your spells are a little easier to cast, but a little less powerful. [an orb of fire]
 50655 | Zot:5    | Gained mutation: Armour fits poorly on your strangely shaped body. [an orb of fire]
 50657 | Zot:5    | Gained mutation: You are weak. (Str -2) [an orb of fire]
 50659 | Zot:5    | HP: 11/224 [orb of fire/fireball (16)]
 50660 | Zot:5    | Killed from afar by an orb of fire

Skill      XL: |  1  2  3  4  5  6  7  8  9 10 11 12 13 14 15 16 17 18 19 20 21 22 23 24 25 26 27 |
---------------+----------------------------------------------------------------------------------+-----
Shields        | 4 5 6 8 9 11 12 13 15 16 17 | 17.3
Axes           | 3 4 5 6 9 10 11 12 13 14 15 16 17 18 19 20 21 22 23 25 | 25.5
Fighting       | 4 5 6 8 9 10 11 12 13 14 15 16 17 19 | 19.9
Armour         | 4 5 7 8 9 10 11 12 13 14 15 16 17 19 | 19.8
Dodging        | 3 4 5 7 8 9 10 11 12 13 14 15 17 | 17.0
Invocations    | 4 6 8 9 10 12 13 14 15 16 | 16.0
Charms         | 4 7 9 10 11 12 | 12.3
Earth Magic    | 4 8 17 | 17.3
Conjurations   | 2 4 |  4.0
Spellcasting   | 2 5 |  5.0

Action                   |  1- 3 |  4- 6 |  7- 9 | 10-12 | 13-15 | 16-18 | 19-21 | 22-24 | 25-27 || total
-------------------------+-------+-------+-------+-------+-------+-------+-------+-------+-------++-------
Melee: War axe           |   118 |   227 |   419 |   818 |   457 |       |       |       |       ||  2039
       Scimitar          |       |       |       |       |    42 |    30 |    89 |       |       ||   161
       Broad axe         |       |       |       |       |   527 |  1383 |  1275 |       |       ||  3185
       Executioner's axe |       |       |       |       |       |       |   130 |  1134 |  2087 ||  3351
Throw: Tomahawk          |       |       |       |     3 |     1 |    28 |    10 |       |     6 ||    48
 Cast: Spectral Weapon   |       |       |       |       |       |       |     3 |       |    52 ||    55
       Regeneration      |       |       |       |       |       |       |       |       |    26 ||    26
       Shroud of Golubri |       |       |       |       |       |       |       |       |    10 ||    10
       Stone Arrow       |       |       |       |       |       |       |       |       |     5 ||     5
Invok: Slouch            |       |       |       |     1 |     1 |     4 |     5 |     1 |     4 ||    16
       Step From Time    |       |       |       |       |     2 |     3 |     6 |     7 |     4 ||    22
       Bend Time         |       |       |       |       |       |     7 |     4 |     5 |     3 ||    19
       Temporal Distorti |       |       |       |       |       |     5 |     6 |     8 |    13 ||    32
 Abil: Dig               |       |     4 |     9 |    12 |    13 |    13 |    18 |     1 |    45 ||   115
       Shaft Self        |       |       |     2 |     3 |       |       |       |       |       ||     5
       Evoke Flight      |       |       |       |       |       |       |       |       |     1 ||     1
Evoke: Fan of gales      |       |       |       |       |       |     1 |       |       |       ||     1
  Use: Potion            |       |       |     1 |     2 |     2 |     6 |     6 |     6 |     5 ||    28
       Scroll            |       |       |       |    10 |    12 |    12 |     5 |     2 |    30 ||    71
 Stab: Distracted        |       |       |     2 |       |       |       |       |       |    16 ||    18
       Invisible         |       |       |       |       |       |       |     1 |       |       ||     1
       Petrifying        |       |       |       |       |       |       |       |     5 |       ||     5
       Petrified         |       |       |       |       |       |       |       |     4 |       ||     4
  Eat: Chunk             |     1 |     6 |    12 |    15 |    12 |     7 |    14 |    12 |    14 ||    93
       Pizza             |       |       |     1 |     1 |     1 |     2 |       |       |     3 ||     8
       Fruit             |       |       |       |     1 |       |     4 |     2 |     2 |       ||     9
       Royal jelly       |       |       |       |       |     1 |       |       |       |     3 ||     4
       Beef jerky        |       |       |       |       |       |     4 |       |     1 |     3 ||     8
       Bread ration      |       |       |       |       |       |     1 |     1 |       |     1 ||     3
       Meat ration       |       |       |       |       |       |     1 |       |       |       ||     1
Armor: Scale mail        |    53 |   106 |   195 |   230 |   285 |   480 |   343 |     5 |       ||  1697
       Skin              |       |       |       |    14 |       |       |       |       |       ||    14
       Ring mail         |       |       |       |       |       |       |     1 |       |       ||     1
       Pearl dragon scal |       |       |       |       |       |       |       |   379 |    58 ||   437
       Gold dragon scale |       |       |       |       |       |       |       |       |   511 ||   511
Dodge: Dodged            |    31 |    71 |   134 |   275 |   485 |   991 |   761 |   752 |   769 ||  4269
Block: Shield            |    64 |   111 |   211 |   474 |   676 |   926 |   276 |       |       ||  2738
       Large shield      |       |       |       |       |       |       |  1115 |  1551 |  2151 ||  4817
       Rpst.: Scimitar   |       |       |       |       |     4 |     2 |    18 |       |       ||    24
